 Dungeon Crawl Stone Soup version 0.25-a0-782-g655279ceaa (webtiles) character file.

Game seed: 8889826147581014477, levelgen mode: deterministic

16 Milacek the Digger (level 2, -1/15 HPs)
             Began as a Gargoyle Earth Elementalist on Apr 16, 2020.
             Slain by an adder (4 damage)
             ... on level 2 of the Dungeon.
             The game lasted 00:09:27 (801 turns).

Milacek the Digger (Gargoyle Earth Elementalist)     Turns: 801, Time: 00:09:28

Health: -1/15      AC:  4    Str: 11    XL:     2   Next: 54%
Magic:  3/5        EV: 12    Int: 15    God:
Gold:   63         SH:  0    Dex: 10    Spells: 4/5 levels left

rFire    . . .     SeeInvis .   a - +0 short sword
rCold    . . .     Gourm    .   (no shield)
rNeg     + . .     Faith    .   c - +0 robe
rPois    ∞         Spirit   .   (no helmet)
rElec    +         Reflect  .   (no cloak)
rCorr    .         Harm     .   (no gloves)
MR       .....                  (no boots)
Stlth    ++........             (no amulet)
HPRegen  0.05/turn              (no ring)
MPRegen  0.09/turn              (no ring)

@: no status effects
A: negative energy resistance 1, electricity resistance, unbreathing,
petrification resistance, rot immunity, AC +2
a: no special abilities


You were on level 2 of the Dungeon.
You were not hungry.

You visited 1 branch of the dungeon, and saw 2 of its levels.

You collected 63 gold pieces.

Inventory:

Hand Weapons
 a - a +0 short sword (weapon)
 n - a +0 mace
Missiles
 b - 39 stones (quivered)
Armour
 c - a +0 robe (worn)
Jewellery
 h - an uncursed ring of poison resistance
 k - an uncursed ring of protection from fire {unknown}
Scrolls
 f - a scroll of remove curse {unknown}
 g - a scroll of fear {unknown}
 j - a scroll of teleportation {unknown}
 l - a scroll of enchant armour {unknown}
 m - a scroll of fog {unknown}
Potions
 e - a potion of curing {unknown}
Comestibles
 d - a ration
 i - 2 chunks of flesh


   Skills:
 - Level 1.5 Dodging
 - Level 2.1 Stealth
 + Level 2.2 Spellcasting
   Level 0.7 Transmutations
 + Level 4.4 Earth Magic


You had 4 spell levels left.
You knew the following spells:

 Your Spells              Type           Power        Failure   Level  Hunger
a - Sandblast             Erth           ###...       3%          1    #......

Your spell library contained the following spells:

 Spells                   Type           Power        Failure   Level  Hunger
 Passwall                 Tmut/Erth      #.......     12%         2    ###....
 Stone Arrow              Conj/Erth      #.....       26%         3    ###....
 Petrify                  Tmut/Erth      #.......     58%         4    #####..
 Lee's Rapid Deconstruct  Erth           ###.......   67%         5    ######.


Dungeon Overview and Level Annotations

Branches:
Dungeon (2/15)

Altars:


Innate Abilities, Weirdness & Mutations

You are resistant to torment.
Your stone body is resilient. (AC +2)
You are immune to poison.
You resist negative energy. (rN+)
You are resistant to electric shocks. (rElec)
You can survive without breathing.
You are immune to petrification.
You are immune to rotting.


Message History

Press: ? - help, Shift-Dir - straight line, f - worm, p - adder
Aim: a worm The blast of sand hits the worm.
The worm is moderately wounded.
b - 40 stones The adder barely misses you.
Casting: Sandblast (safe; 3% risk of failure)
Confirm with . or Enter, or press ? or * to list all spells.
Aiming: Sandblast (safe; 3% risk of failure)
Press: ? - help, Shift-Dir - straight line, f/p - worm
Aim: a worm (moderately wounded)
The blast of sand hits the worm!
The worm is almost dead.
b - 39 stones The adder closely misses you.
The worm bites you.
* * * LOW HITPOINT WARNING * * *
The adder bites you but does no damage. The worm bites you but does no damage.
The adder bites you.
You die...

.......#..###....
...................?..#
.###...<..............##.
........................
.......÷...<#.........#
.....####.###.........# .
.....####.###.........#...
............#.....).....#.
####.####.#..).@Sw..!.....
#.........##.....###...
###..÷....########
#.......# #.......#
#.......# #.......#
#.......# #########


You could see a worm and an adder.

Vanquished Creatures
  A ball python (D:1)
  3 goblins
  3 hobgoblins (D:1)
  A kobold (D:1)
  3 bats
  4 rats (D:1)
15 creatures vanquished.

Notes
Turn   | Place    | Note
-------+----------+-------------------------------------------
     0 | D:1      | Milacek the Gargoyle Earth Elementalist began the quest for
                  | the Orb.
     0 | D:1      | Reached XP level 1. HP: 10/10 MP: 3/3
   127 | D:1      | Reached skill level 4 in Earth Magic
   131 | D:1      | Reached XP level 2. HP: 1/15 MP: 1/5
   801 | D:2      | Slain by an adder

Levels and vault maps discovered:
D:1:      dpeg_arrival_prison, layout_rooms, minmay_tromino_v4_c
D:2:      layout_rooms, first_ration

Skill      XL: |  1 |
---------------+----+-----
Earth Magic    | 4 |  4.4
Dodging        | |  1.5
Stealth        | |  2.1
Spellcasting   | |  2.2
Transmutations | |  0.7

Action                   || total
-------------------------++-------
Melee: Club              ||    13
       Short sword       ||    19
 Cast: Sandblast         ||    13
 Stab: Sleeping          ||     1
Armor: Robe              ||    12
Dodge: Dodged            ||    27

Table legend:
 A = Non-vault XP
 B = Vault XP
 C = Vault XP percentage of total XP
 D = Non-vault monster count
 E = Vault monster count
 F = Vault count percentage of total count
                 A         B        C        D         E       F
            +---------+---------+-------+---------+---------+-------
      Total |      16 |       7 |  30.4 |      10 |       5 |  33.3
            +---------+---------+-------+---------+---------+-------
        D:1 |      12 |       7 |  36.8 |       7 |       5 |  41.7
        D:2 |       4 |       0 |   0.0 |       3 |       0 |   0.0
            +---------+---------+-------+---------+---------+-------
